 Dungeon Crawl Stone Soup version 0.21.1-1-g345015fe64 (webtiles) character file.

14 Ivernyr the Charmwright (level 2, -3/22 HPs)
             Began as a Demonspawn Skald on Apr 26, 2018.
             Slain by a worm (7 damage)
             ... on level 2 of the Dungeon.
             The game lasted 00:01:54 (1022 turns).

Ivernyr the Charmwright (Demonspawn Skald)          Turns: 1022, Time: 00:01:55

Health: -3/22      AC:  4    Str: 11    XL:     2   Next: 31%
Magic:  4/5        EV: 11    Int: 14    God:
Gold:   71         SH:  0    Dex: 12    Spells: 0/5 levels left

rFire    . . .     SeeInvis .   a - +0 falchion
rCold    . . .     Gourm    .   (no shield)
rNeg     . . .     Faith    .   b - +0 leather armour
rPois    .         Spirit   .   i - +0 helmet (curse)
rElec    .         Reflect  .   (no cloak)
rCorr    .         Harm     .   (no gloves)
MR       .....                  (no boots)
Stlth    +.........             (no amulet)
HPRegen  0.07/turn              (no ring)
MPRegen  0.09/turn              (no ring)

@: no status effects
A: demonic guardian 1
a: no special abilities


You were on level 2 of the Dungeon.
You were hungry.

You visited 1 branch of the dungeon, and saw 2 of its levels.

You collected 71 gold pieces.

Inventory:

Hand Weapons
 a - a +0 falchion (weapon)
Armour
 b - a +0 leather armour (worn)
 i - a cursed +0 helmet (worn)
Jewellery
 j - a cursed ring of teleportation {unknown}
Scrolls
 e - a scroll of magic mapping {unknown}
 f - a scroll of enchant weapon {unknown}
 h - a scroll of identify {unknown}
Potions
 g - 2 potions of brilliance {unknown}
 k - a potion of berserk rage {unknown}
Books
 c - a book of Battle

   Spells                             Type                      Level
   a - Infusion                       Charms                       1
   b - Shroud of Golubria             Charms/Translocation         2
   c - Song of Slaying                Charms                       2
   d - Spectral Weapon                Hexes/Charms                 3
   e - Regeneration                   Charms/Necromancy            3
Comestibles
 d - 3 rations


   Skills:
 + Level 2.2 Fighting
 + Level 2.0 Long Blades
 * Level 1.4 Armour
 - Level 1.7 Dodging
 - Level 2.0 Spellcasting
 + Level 2.8 Charms


You couldn't memorise any spells.
You knew the following spells:

 Your Spells              Type           Power        Failure   Level  Hunger
a - Shroud of Golubria    Chrm/Tloc      #.........   26%         2    ###....
b - Song of Slaying       Chrm           #.......     14%         2    ###....
c - Infusion              Chrm           #...         10%         1    ##.....


Dungeon Overview and Level Annotations

Branches:
Dungeon (2/15)

Altars:


Innate Abilities, Weirdness & Mutations

A weak demonic guardian rushes to your aid.


Message History

You hit the worm.
The worm is heavily wounded.
Your shroud bends the kobold's attack away.
You completely miss the worm.
The worm is heavily wounded.
You are feeling hungry.
The worm bites you!
* * * LOW HITPOINT WARNING * * *
Your shroud falls apart!
The kobold hits you but does no damage.
The kobold hits you with a whip of freezing.
* * * LOW HITPOINT WARNING * * *
The kobold freezes you.
* * * LOW HITPOINT WARNING * * *
You hit the worm.
The worm is heavily wounded.
The kobold completely misses you.
You riposte.
You hit the kobold.
The kobold is moderately wounded.
The kobold hits you but does no damage. The worm bites you!
You die...

#.#..........#
#######.####......##
!.............##...#
........####..# ##.#
.#..#.....##..# .
#...^....##..#
#.##.#.##..##..#
#....#w....##..#
......K@........
......K.....#..#
....######..# .#
.... #.# # .. ...
.... ...


You could see a worm and 2 kobolds.

Vanquished Creatures
  A dart slug (D:1)
  A ball python (D:1)
  A giant cockroach (D:1)
  A goblin (D:1)
  A hobgoblin (D:1)
  3 bats (D:1)
  3 frilled lizards (D:1)
  A kobold (D:1)
  A rat (D:1)
13 creatures vanquished.

Notes
Turn   | Place    | Note
-------+----------+-------------------------------------------
     0 | D:1      | Ivernyr the Demonspawn Skald began the quest for the Orb.
     0 | D:1      | Reached XP level 1. HP: 16/16 MP: 3/3
    44 | D:1      | Reached skill level 1 in Armour
   623 | D:1      | Gained mutation: A weak demonic guardian rushes to your aid. [demonic ancestry]
   623 | D:1      | Reached XP level 2. HP: 17/22 MP: 5/5
   895 | D:1      | Learned a level 2 spell: Song of Slaying
   898 | D:1      | Learned a level 2 spell: Shroud of Golubria
  1022 | D:2      | Slain by a worm

Skill      XL: |  1  2 |
---------------+-------+-----
Armour         | 1 |  1.4
Long Blades    | 2 |  2.0
Fighting       | |  2.2
Dodging        | |  1.7
Spellcasting   | |  2.0
Charms         | |  2.8

Action                   || total
-------------------------++-------
Melee: Falchion          ||    63
 Cast: Shroud of Golubri ||     1
 Stab: Sleeping          ||     1
Armor: Leather armour    ||    28
Dodge: Dodged            ||    37
       Rpst.: Falchion   ||    14
